 Dungeon Sprint DCSS version 0.27.1-33-g824d729ab1 (webtiles) character file.

Game seed: 10864676919291565053

8292 manyhoops the Ninja (level 11, -1/61 HPs)
             Began as an Octopode Enchanter on Dec 7, 2021.
             Was the Champion of Dithmenos.
             Slain by a hog (6 damage)
             ... in the Dungeon (Sprint I: "Red Sonja").
             The game lasted 00:07:35 (2253 turns).

manyhoops the Ninja (Octopode Enchanter)            Turns: 2253, Time: 00:07:35

Health: -1/61      AC:  1    Str: 13    XL:     11   Next: 28%
Magic:  11/14      EV: 13    Int: 14    God:    Dithmenos [******]
Gold:   617        SH:  0    Dex: 16    Spells: 5/14 levels left

rFire    + . .     SeeInvis .   n - +4 quick blade "Aqufim" {vorpal, +Rage rF+ Int-4}
rCold    . . .     Faith    .   (no shield)
rNeg     . . .     Spirit   .   (helmet restricted)
rPois    .         Reflect  .   (no amulet)
rElec    .         Harm     .   f - +6 ring of strength
rCorr    .         Rampage  .   (no ring)
Will     .....     NoTele   +   (no ring) Stlth **********
                                (no ring)
HPRegen  0.20/turn              (no ring)
MPRegen  0.14/turn              (no ring)
                                (no ring)
                                (no ring)

@: wreathed by umbra
A: almost no armour, amphibious, 8 rings, camouflage 1, gelatinous body 1,
(nimble swimmer 1), tentacles
a: Renounce Religion, Evoke Berserk Rage, Shadow Step, Shadow Form


You were in the Dungeon.
You worshipped Dithmenos.
Dithmenos was exalted by your worship.
You visited 1 branch You collected 1894 gold pieces.
You spent 1277 gold pieces at shops.

Inventory:

Hand Weapons
 a - a +1 dagger
 j - the +6 dagger of Xuun {spect, *Corrode rPois Will+++ SInv}
   (You bought it in a shop in the Dungeon)

   When its wielder attacks, the weapon's spirit leaps out and strikes again.
   The spirit shares a part of any damage it takes with its wielder.
   rPois:     It protects you from poison.
   SInv:      It lets you see invisible.
   *Corrode:  It may corrode you when you take damage.
   Will:      It greatly increases your willpower.
 n - the +4 quick blade "Aqufim" (weapon) {vorpal, +Rage rF+ Int-4}
   (You bought it in a shop in the Dungeon)

   It inflicts extra damage upon your enemies.
   Int:       It affects your intelligence (-4).
   rF:        It protects you from fire.
   +Rage:     It lets you go berserk.
Jewellery
 f - a +6 ring of strength (left tentacle)
Scrolls
 c - 3 scrolls of identify {unknown}
 g - a scroll of blinking
 i - a scroll of enchant armour {unknown}
 o - a scroll of silence {unknown}
Potions
 b - 3 potions of curing
 d - a potion of haste
 e - 2 potions of magic
 h - a potion of brilliance {unknown}
 k - a potion of resistance
 l - 2 potions of heal wounds
 m - a potion of might


   Skills:
 + Level 13.6 Short Blades
 - Level 2.0 Dodging
 O Level 27 Stealth
 - Level 2.0 Spellcasting
 - Level 7.5 Hexes


You had 5 spell levels left.
You knew the following spells:

 Your Spells              Type           Power      Damage    Failure   Level
a - Corona                Hex            24%        N/A       1%          1
b - Ensorcelled Hibernat  Hex/Ice        22%        N/A       8%          2
c - Confusing Touch       Hex            22%        N/A       3%          3
d - Dazzling Flash        Conj/Hex       22%        N/A       16%         3

Your spell library contained the following spells:

 Spells                   Type           Power      Damage    Failure   Level
 Tukima's Dance           Hex            22%        N/A       3%          3
 Sting                    Tmut/Pois      4%         1d3       24%         1
 Poisonous Vapours        Pois/Air       2%         N/A       34%         2
 Olgreb's Toxic Radiance  Pois           1%         N/A       93%         4


Dungeon Overview and Level Annotations

Branches:
Dungeon (1/1)

Altars:
Cheibriados
Dithmenos
Elyvilon
Fedhas
Gozag
Hepliaklqana
Kikubaaqudgha
Makhleb
Nemelex Xobeh
Okawaru
Qazlal
Ru
Sif Muna
Trog
Uskayaw
Vehumet
Wu Jian
Xom
Yredelemnul
Zin
The Shining One
Jiyva
Lugonu

Shops:
D (*(*[!?!:([[=:![:


Innate Abilities, Weirdness & Mutations

You cannot wear most types of armour.
You are amphibious.
You can wear up to eight rings at the same time.
Your skin changes colour to match your surroundings (Stealth+).
Your rubbery body absorbs attacks. (AC +1, EV +1)
((You are camouflaged near water. (Stealth+)))
You have tentacles for arms and can constrict up to eight enemies at once.


Message History

Dithmenos accepts your kill.
There is an open door, spattered with blood here.
You close the door.
You start resting.
Magic restored.
You start resting.
You open the door.
You catch the helpless hog completely off-guard!
You spit the hog like the proverbial pig!!!
You kill the hog!
Dithmenos accepts your kill.
There is an open door, spattered with blood here.
The hog squeals angrily.
The hog closely misses you.
The hog squeals angrily. x4
Casting: Ensorcelled Hibernation (safe; 8% risk of failure)
Confirm with . or Enter, or press ? or * to list all spells.
Aiming: Ensorcelled Hibernation (safe; 8% risk of failure)
Press: ? - help, Shift-Dir - straight line, f - hog
Aim: a hog (umbra, chance to affect: 42%)
The hog resists with some effort.
The hog barely misses you. The hog bites you!
You emit a cloud of dark smoke.
The hog barely misses you. The hog bites you! The hog bites you.
The hog bites you!
You emit a cloud of dark smoke.
There is an open door, spattered with blood here.
Casting: Ensorcelled Hibernation (safe; 8% risk of failure)
Confirm with . or Enter, or press ? or * to list all spells.
Aiming: Ensorcelled Hibernation (safe; 8% risk of failure)
Press: ? - help, Shift-Dir - straight line, f/p - hog
Aim: a hog (black smoke, umbra, chance to affect: 42%)
The hog resists with some effort.
Your shadow mimicks your spell!
The hog resists with some effort.
The hog bites you!
* * * LOW HITPOINT WARNING * * *
The hog barely misses you. The hog bites you!
* * * LOW HITPOINT WARNING * * *
There is an open door here.
The hog bites you.
You die...

#################################
#<.#.)'..#.)'..#§§#h§§h§§#[.#.§§h
#..').#..'..#..'§§h§§#§h§##'#h###
#..#####'#####'#@h####§§.h.§#§#
#..####..#...#(####§.#####§§'§#
#..#__####..##.#§§≈§)#§§##+####
#..#_____##'#_.§§≈≈.§§.§#.^...#
#⌠⌠#_.∩...'..._#§§§§)#..#.^.°○+
####_..__##_.#'##'#####'###.°^#
#_____###'#.#.[..###.'.#○○○#
############.####'###.###§#○○##
#∩........'...'[....'.∩##.#..#


You could see 2 hogs.

Vanquished Creatures
  2 centaur warriors (D)
  Sonja (D)
  A deep troll (D)
  A lindwurm (D)
  An oklob plant (D)
  2 unseen horrors (D)
  A gargoyle (D)
  4 demonic crawlers (D)
  2 kobold demonologists (D)
  A hornet (D)
  A slime creature (D)
  2 redbacks (D)
  Sigmund (D)
  A yak (D)
  5 hogs (D)
  2 floating eyes (D)
  7 necrophages (D)
  An ogre (D)
  8 jellies (D)
  Ijyb (D)
  A ballistomycete spore (D)
46 creatures vanquished.

Vanquished Creatures (others)
  A deep elf master archer (D)
  2 hornets (D)
  A ballistomycete spore (D)
4 creatures vanquished.

Grand Total: 50 creatures vanquished

Notes
Turn   | Place    | Note
-------+----------+-------------------------------------------
     0 | D        | manyhoops the Octopode Enchanter began the quest for the
                  | Orb.
     0 | D        | Reached XP level 1. HP: 11/11 MP: 3/3
     1 | D        | Noticed Ijyb
    12 | D        | Killed Ijyb
    13 | D        | Reached skill level 6 in Stealth
    13 | D        | Reached skill level 5 in Hexes
    13 | D        | Reached XP level 2. HP: 10/17 MP: 5/5
    13 | D        | Reached XP level 3. HP: 12/21 MP: 6/6
   182 | D        | Noticed an ogre
   186 | D        | Learned a level 2 spell: Ensorcelled Hibernation
   192 | D        | Killed an ogre
   193 | D        | Reached skill level 9 in Stealth
   193 | D        | Reached XP level 4. HP: 27/27 MP: 0/7
   201 | D        | Learned a level 3 spell: Confusing Touch
   265 | D        | Noticed Sigmund
   271 | D        | Killed Sigmund
   272 | D        | Reached skill level 14 in Stealth
   272 | D        | Reached XP level 5. HP: 16/31 MP: 1/8
   272 | D        | Reached XP level 6. HP: 18/36 MP: 1/9
   426 | D        | Found an ornate altar of the Wu Jian Council.
   426 | D        | Found a shimmering blue altar of Sif Muna.
   428 | D        | Found a radiant altar of Vehumet.
   433 | D        | Reached skill level 15 in Stealth
   440 | D        | Found Pyruad's Assorted Antiques.
   440 | D        | Found an ancient bone altar of Kikubaaqudgha.
   440 | D        | Found a hazy altar of Hepliaklqana.
   440 | D        | Found a stormy altar of Qazlal.
   440 | D        | Found a hide-covered altar of Uskayaw.
   440 | D        | Found a blossoming altar of Fedhas.
   440 | D        | Found a bloodstained altar of Trog.
   440 | D        | Found an iron altar of Okawaru.
   440 | D        | Found a basalt altar of Yredelemnul.
   440 | D        | Found a glowing golden altar of the Shining One.
   440 | D        | Found a snail-covered altar of Cheibriados.
   440 | D        | Found a sacrificial altar of Ru.
   440 | D        | Found a glowing silver altar of Zin.
   440 | D        | Found a shadowy altar of Dithmenos.
   440 | D        | Found a white marble altar of Elyvilon.
   440 | D        | Noticed a yak
   441 | D        | Found an opulent altar of Gozag.
   442 | D        | Killed a yak
   443 | D        | Reached skill level 17 in Stealth
   443 | D        | Reached XP level 7. HP: 41/41 MP: 10/10
   443 | D        | Found a sparkling altar of Nemelex Xobeh.
   447 | D        | Bought a scroll of blinking for 157 gold pieces
   449 | D        | Became a worshipper of Dithmenos the Shadowed
   482 | D        | Found a viscous altar of Jiyva.
   482 | D        | Found a corrupted altar of Lugonu.
   482 | D        | Noticed a slime creature
   483 | D        | Found a burning altar of Makhleb.
   483 | D        | Found a shimmering altar of Xom.
   487 | D        | Killed a slime creature
   488 | D        | Reached skill level 18 in Stealth
   507 | D        | Noticed Sonja
   511 | D        | Killed Sonja
   512 | D        | Reached skill level 21 in Stealth
   512 | D        | Reached XP level 8. HP: 46/46 MP: 11/11
   525 | D        | Found Gorohigy's Weapon Boutique.
   549 | D        | Noticed a deep troll
   553 | D        | Killed a deep troll
   553 | D        | Reached * piety under Dithmenos
   554 | D        | Reached skill level 22 in Stealth
   554 | D        | Reached XP level 9. HP: 51/51 MP: 7/12
   563 | D        | Found Egyop's Armour Emporium.
   757 | D        | Noticed a centaur warrior
   757 | D        | Noticed a centaur warrior
   759 | D        | Killed a centaur warrior
   760 | D        | Reached skill level 24 in Stealth
   761 | D        | Killed a centaur warrior
   762 | D        | Reached skill level 25 in Stealth
   789 | D        | Noticed a kobold demonologist
   790 | D        | Noticed a kobold demonologist
   792 | D        | Reached ** piety under Dithmenos
   794 | D        | Noticed an ice devil
   797 | D        | Noticed an orange demon
   798 | D        | Killed a kobold demonologist
   799 | D        | Reached skill level 26 in Stealth
   799 | D        | Reached XP level 10. HP: 34/56 MP: 1/13
   958 | D        | Killed a kobold demonologist
   989 | D        | Noticed an oklob plant
   991 | D        | Killed an oklob plant
   991 | D        | Reached *** piety under Dithmenos
   992 | D        | Reached skill level 27 in Stealth
  1003 | D        | Reached skill level 5 in Short Blades
  1034 | D        | Reached **** piety under Dithmenos
  1323 | D        | Reached ***** piety under Dithmenos
  1467 | D        | Noticed an unseen horror
  1471 | D        | Killed an unseen horror
  1755 | D        | Noticed an unseen horror
  1849 | D        | Killed an unseen horror
  1884 | D        | Reached ****** piety under Dithmenos
  1886 | D        | Reached skill level 10 in Short Blades
  1897 | D        | Found Foblein's Assorted Antiques.
  1897 | D        | Found Taifey's Antique Weapon Shop.
  1897 | D        | Found Saowk's Antique Armour Boutique.
  1899 | D        | Found Xeanof's Distillery.
  1899 | D        | Found Xeretrop's Magic Scroll Shop.
  1899 | D        | Found Suarilir's Distillery.
  1899 | D        | Found Tuinge Nubi's Book Boutique.
  1899 | D        | Found Etausass's Weapon Emporium.
  1899 | D        | Found Ahatycw's Armour Shop.
  1899 | D        | Found Molenues's Armour Shoppe.
  1901 | D        | Bought an ancient dagger for 189 gold pieces
  1901 | D        | Identified the +6 dagger of Xuun {spect, *Corrode rPois
                  | Will+++ SInv} (You bought it in a shop in the Dungeon)
  1903 | D        | Found Kosylof's Jewellery Boutique.
  1904 | D        | Bought a potion of resistance for 130 gold pieces
  1904 | D        | Bought a potion of heal wounds for 65 gold pieces
  1904 | D        | Bought a potion of heal wounds for 65 gold pieces
  1904 | D        | Bought a potion of might for 52 gold pieces
  1904 | D        | Found Suoheadai's Distillery.
  1904 | D        | Found Vyeguup's Book Boutique.
  1905 | D        | Found Radily's Book Emporium.
  1908 | D        | Bought the +4 quick blade "Aqufim" {vorpal, +Rage rF+
                  | Int-4} for 619 gold pieces
  1978 | D        | Learned a level 3 spell: Dazzling Flash
  1989 | D        | Reached XP level 11. HP: 61/61 MP: 14/14
  2014 | D        | Killed a deep elf master archer
  2021 | D        | Noticed a lindwurm
  2023 | D        | Killed a lindwurm
  2253 | D        | Slain by a hog

Illustrated notes

Levels and vault maps discovered:
D:        dungeon_sprint_1 [red_sonja_temple_1, red_sonja_temple_small_1]

Skill      XL: |  1  2  3  4  5  6  7  8  9 10 11 |
---------------+----------------------------------+-----
Stealth        | 6 9 14 17 21 22 26 27 | 27.0
Hexes          | 5 7 |  7.5
Short Blades   | 11 13 | 13.6
Dodging        | |  2.0
Spellcasting   | |  2.0

Action                   |  1- 3 |  4- 6 |  7- 9 | 10-12 || total
-------------------------+-------+-------+-------+-------++-------
Melee: Dagger            |    10 |     3 |     8 |    36 ||    57
       Tentacles         |     2 |       |       |     8 ||    10
       Constrict         |     1 |       |       |     6 ||     7
       Quick blade       |       |       |       |    30 ||    30
 Cast: Ensorcelled Hiber |     3 |     3 |     8 |    22 ||    36
       Corona            |       |       |       |     6 ||     6
       Confusing Touch   |       |       |       |     4 ||     4
  Use: Potion            |     1 |       |       |     2 ||     3
       Scroll            |       |       |       |     1 ||     1
 Stab: Sleeping          |     2 |     3 |     8 |    26 ||    39
       Confused          |       |       |       |     3 ||     3
       Distracted        |       |       |       |     1 ||     1
Armor: Skin              |     1 |       |       |     2 ||     3
Dodge: Dodged            |     7 |     2 |     2 |    32 ||    43
